Map: Ulrena

Players

Stukov - Winner!

  • Race: Zerg Zerg
  • League: Diamond

LilDicky

  • Race: Terran Terran
  • League: Diamond

VOD

http://www.twitch.tv/tumescentpie

Description

Time

  • Played on: Jan. 5, 2016, 10:21 p.m.
  • Length: 6:41
Show
View Real Time Build Order
Export as new Build Order

Stukov Zerg - Winner!

Build Orders: Hatch First 

Get SALT Encoding   

  12  0:01  Drone  
  13  0:13  Overlord  
  13  0:18  Drone  
  14  0:31  Drone x2  
  16  0:35  Drone  
  17  0:55  Hatchery  
  17  0:56  Drone  
  17  1:12  Spawning Pool  
  17  1:13  Drone  
  17  1:18  Extractor  
  16  1:19  Drone  
  16  1:22  Drone  
  18  1:29  Drone  
  19  1:52  Overlord  
  19  1:58  Drone, Queen  
  22  2:05  Extractor  
  22  2:06  Zergling x2  
  22  2:08  Queen  
  25  2:09  Drone  
  25  2:13  Drone  
  27  2:18  Metabolic Boost  
  27  2:20  Drone  
  28  2:24  Drone  
  29  2:33  Drone  
  29  2:34  Queen  
  32  2:39  Overlord  
  33  2:44  Drone x2  
  33  2:50  Overlord  
  34  2:56  Drone  
  35  3:00  Drone  
  36  3:07  Overlord, Drone x3  
  39  3:13  Drone  
  39  3:17  Roach Warren  
  39  3:18  Overlord, Drone  
  40  3:24  Overlord, Drone  
  40  3:29  Overlord, Extractor  
  39  3:36  Overlord  
  39  3:37  Drone  
  40  3:43  Zergling x2  
  41  3:49  Zergling x4  
  41  3:50  Zergling x8  
  47  4:06  Lair  
  47  4:10  Overlord, Zergling x4, Extractor  
  47  4:15  Spore Crawler, Drone  
  47  4:16  Drone x2  
  50  4:18  Roach  
  50  4:22  Roach x2  
  56  4:36  Overlord, Roach x3  
  62  4:40  Overlord  
  62  4:43  Spore Crawler  
  62  4:45  Ravager x2  
  63  4:47  Roach  
  65  4:56  Roach  
  67  5:09  Roach x6  
  76  5:19  Roach x2  
  64  5:26  Roach  
  64  5:27  Roach x2  
  64  5:31  Roach  
  64  5:32  Roach  
  56  5:44  Roach x2  
  56  5:48  Roach x2  
  61  6:01  Ravager x2  
  63  6:04  Queen  
  63  6:07  Drone x2  
  67  6:16  Drone x3  
  70  6:23  Ravager  
  70  6:24  Ravager  
Show
View Real Time Build Order
Export as new Build Order

LilDicky Terran 

Build Orders: Liberator Opening 

Get SALT Encoding   

  12  0:01  SCV  
  13  0:13  SCV  
  14  0:18  Supply Depot  
  14  0:27  SCV  
  15  0:41  SCV  
  16  0:43  Refinery  
  16  0:45  Barracks  
  16  0:55  SCV  
  17  1:09  SCV  
  18  1:21  SCV  
  19  1:36  Marine  
  21  1:42  Supply Depot  
  21  1:43  Orbital Command  
  20  1:49  Factory  
  20  1:52  Refinery  
  20  2:06  Barracks Reactor  
  20  2:10  SCV  
  21  2:22  SCV  
  22  2:34  SCV  
  25  2:37  Starport  
  25  2:41  Supply Depot  
  25  2:46  SCV  
  24  2:53  Barracks Reactor  
  24  2:54  Hellion  
  24  2:55  Hellion  
  24  2:56  Liberator  
  24  2:58  SCV  
  29  3:03  Supply Depot  
  29  3:10  SCV  
  30  3:16  Hellion x2  
  30  3:18  Supply Depot  
  37  3:22  SCV  
  38  3:30  Marine x2  
  40  3:37  SCV  
  40  3:39  Liberator  
  41  3:42  Supply Depot  
  41  3:45  Hellion x2  
  45  3:52  Marine x2  
  47  3:59  SCV  
  51  4:06  Armory  
  51  4:17  Hellion x2, Marine  
  51  4:20  Marine  
  57  4:26  SCV  
  58  4:36  Supply Depot  
  59  4:38  SCV  
  59  5:10  Hellion x2  
  54  5:32  Hellion  
  39  5:50  Hellion  
  39  5:51  Marine x2  
  39  5:52  Medivac  
  45  5:57  Command Center  
  45  6:01  SCV  
  46  6:07  Supply Depot  
  46  6:13  SCV  
  54  6:25  SCV  
  52  6:33  Command Center  
Tags
 
Add a new tag
Caveats
  • Supply blocks, unpowered buildings, or Contaminate may cause inaccurate times.
  • Supply counts are checked every 10 seconds.